AoeStats
← Joeywaterfall

Black Forest

506545003Analyzed
4v4 RM · 18d ago on Sep 14, 2026· 60m 33s· 8 players
Game mode
Random Map
Map size
Large (8 player)
Population
200
Speed
Normal
Resources
Standard
Victory
Conquest
Starting age
Dark Age
Ending age
Imperial Age
RankedLock teamsTeams togetherTeam positionsShared explorationLock speedFull tech treeHidden civsTurbo modeCheats
Victory
Defeat
🇵🇪 Slavs · Peru
888
+18
🇵🇪 Khmer · Peru
867
+13
🇦🇷 Vietnamese · Argentina
861
+13
🇮🇩 Celts · Indonesia
781
+16
🇺🇸 Franks · United States
844
-15
🇺🇸 Franks · United States
817
-37
🇺🇸 Gurjaras · United States
805
-14
🇺🇸 Britons · United States
721
-11
IdocOhThree
0:31 Loom
11:46 Feudal Age
12:18 Double-Bit Axe
13:37 Wheelbarrow
19:54 Castle Age
19:48 Forging
19:57 Scale Barding Armor
20:45 Bow Saw
21:51 Town Watch
27:48 Imperial Age
28:01 Hand Cart
27:49 Husbandry
31:03 Cavalier
33:23 Paladin
35:40 Iron Casting
35:26 Chain Barding Armor
37:49 Blast Furnace
37:24 Plate Barding Armor
37:48 Murder Holes
42:35 Chivalry
42:57 Conscription
45:02 Chemistry
44:23 Ballistics
Joeywaterfall
3:12 Loom
9:37 Feudal Age
11:02 Wheelbarrow
10:12 Horse Collar
16:40 Fishing Lines
23:47 Castle Age
22:00 Stone Mining
22:01 Double-Bit Axe
23:59 Gold Mining
25:08 Bow Saw
25:36 Gold Shaft Mining
27:18 Gillnets
28:18 Stone Shaft Mining
30:08 Heavy Plow
30:20 Forging
30:41 Bloodlines
30:32 Husbandry
31:40 Hand Cart
33:15 Iron Casting
32:47 Scale Barding Armor
33:01 Fortified Wall
33:40 Treadmill Crane
34:58 Caravan
35:13 Kshatriyas
35:34 Chain Barding Armor
40:55 Imperial Age
37:56 Light Cavalry
42:18 Conscription
41:24 Onager
43:42 Frontier Guards
45:33 Heavy Camel Rider
50:34 Hussar
AR15
11:52 Feudal Age
17:34 Castle Age
20:56 Gold Mining
21:02 Double-Bit Axe
23:51 Bow Saw
24:55 Scale Barding Armor
25:00 Forging
28:06 Town Watch
29:56 Wheelbarrow
30:24 Chain Barding Armor
30:13 Stone Mining
31:02 Fishing Lines
32:01 Gold Shaft Mining
32:12 Caravan
32:51 Husbandry
36:10 Imperial Age
34:51 Hand Cart
34:37 Town Patrol
34:23 Loom
36:27 Cavalier
36:31 Onager
37:58 Fortified Wall
37:44 Murder Holes
41:07 Plate Barding Armor
41:08 Iron Casting
40:37 Padded Archer Armor
40:27 Fletching
40:33 Paladin
48:53 Light Cavalry
50:54 Chemistry
55:21 Capped Ram
59:22 Chivalry
Dumbzie
0:34 Loom
14:04 Feudal Age
23:57 Castle Age
22:21 Double-Bit Axe
22:29 Stone Mining
22:34 Horse Collar
22:57 Gold Mining
31:19 Wheelbarrow
32:01 Caravan
35:28 Imperial Age
32:52 Town Watch
34:29 Hand Cart
35:33 Bow Saw
36:00 Gold Shaft Mining
35:33 Heavy Plow
36:11 Elite Longbowman
37:12 Conscription
36:57 Padded Archer Armor
36:54 Fletching
37:53 Leather Archer Armor
38:50 Ballistics
39:30 Chemistry
38:42 Fortified Wall
38:29 Murder Holes
39:05 Town Patrol
40:59 Yeomen
42:38 Ring Archer Armor
42:03 Bodkin Arrow
51:30 Bracer
DesTajador
1:15 Loom
13:42 Feudal Age
18:39 Castle Age
17:29 Horse Collar
17:37 Double-Bit Axe
23:03 Wheelbarrow
23:14 Bow Saw
26:28 Hand Cart
30:20 Gold Mining
30:23 Stone Mining
31:51 Caravan
34:58 Imperial Age
33:07 Heavy Plow
33:46 Forging
33:38 Scale Mail Armor
35:09 Iron Casting
34:26 Fletching
34:38 Padded Archer Armor
35:45 Ballistics
35:21 Murder Holes
36:57 Gold Shaft Mining
37:24 Blast Furnace
36:40 Chain Mail Armor
35:51 Heavy Scorpion
35:55 Capped Ram
36:01 Man-at-Arms
36:44 Squires
37:43 Crop Rotation
38:15 Two-Man Saw
37:31 Onager
37:37 Long Swordsman
37:41 Pikeman
38:25 Two-Handed Swordsman
38:29 Halberdier
40:16 Plate Mail Armor
39:54 Champion
40:51 Siege Ram
42:59 Bodkin Arrow
46:18 Siege Onager
48:37 Druzhina
48:54 Leather Archer Armor
48:44 Scale Barding Armor
53:58 Fortified Wall
53:56 Siege Engineers
55:07 Chemistry
54:39 Ring Archer Armor
55:54 Conscription
56:13 Elite Boyar
57:15 Chain Barding Armor
59:20 Plate Barding Armor
Tubbi
12:41 Feudal Age
17:24 Castle Age
15:47 Double-Bit Axe
15:57 Horse Collar
17:13 Stone Mining
17:14 Gold Mining
18:29 Bow Saw
18:32 Loom
18:33 Town Watch
22:36 Fletching
22:46 Padded Archer Armor
23:16 Heavy Plow
23:30 Treadmill Crane
25:49 Town Patrol
26:24 Wheelbarrow
26:16 Bodkin Arrow
27:32 Hand Cart
27:18 Town Patrol
28:26 Caravan
29:35 Stone Shaft Mining
32:53 Imperial Age
30:24 Town Patrol
30:32 Town Patrol
31:45 Ballistics
31:58 Leather Archer Armor
31:53 Forging
31:44 Scale Mail Armor
31:08 Pikeman
31:48 Squires
31:47 Arson
31:49 Elite Skirmisher
32:44 Thumb Ring
33:02 Imperial Skirmisher
35:22 Two-Man Saw
34:57 Crop Rotation
35:16 Bracer
35:47 Ring Archer Armor
35:52 Iron Casting
35:33 Chain Mail Armor
36:32 Chemistry
35:44 Siege Engineers
36:46 Paper Money
37:03 Halberdier
39:47 Plate Mail Armor
45:48 Scale Barding Armor
Yo Pe
2:29 Loom
15:13 Feudal Age
18:55 Castle Age
22:54 Double-Bit Axe
23:52 Bow Saw
24:18 Town Watch
25:01 Horse Collar
28:27 Gold Mining
28:38 Heavy Plow
28:51 Stone Mining
29:44 Town Patrol
30:21 Wheelbarrow
32:14 Stone Shaft Mining
32:16 Gold Shaft Mining
32:23 Redemption
32:49 Hand Cart
36:53 Imperial Age
34:47 Caravan
39:04 Chemistry
38:09 Siege Engineers
38:15 Masonry
37:57 Heated Shot
38:27 Ballistics
38:18 Fortified Wall
38:03 Murder Holes
37:59 Guard Tower
38:16 Scale Barding Armor
38:22 Forging
38:02 Fletching
37:38 Heavy Scorpion
40:05 Chain Barding Armor
39:54 Double Crossbow
40:15 Conscription
39:25 Sappers
39:19 Light Cavalry
40:10 Bloodlines
40:01 Husbandry
41:08 Hoardings
42:15 Architecture
42:24 Plate Barding Armor
42:25 Iron Casting
41:46 Bodkin Arrow
41:53 Scale Mail Armor
41:54 Padded Archer Armor
41:18 Hussar
41:22 Cavalier
46:32 Blast Furnace
45:33 Bracer
46:11 Keep
47:12 Chain Mail Armor
46:58 Padded Archer Armor
47:04 Tusk Swords
46:28 Elite Ballista Elephant
g1psy
0:46 Loom
13:26 Feudal Age
18:40 Double-Bit Axe
21:54 Castle Age
20:15 Gold Mining
20:15 Stone Mining
20:09 Horse Collar
22:59 Wheelbarrow
22:09 Town Watch
23:39 Bow Saw
31:07 Fishing Lines
34:56 Imperial Age
32:54 Hand Cart
32:29 Treadmill Crane
33:02 Fortified Wall
33:14 Stronghold
33:55 Town Patrol
34:11 Heavy Plow
34:49 Gold Shaft Mining
34:55 Stone Shaft Mining
35:01 Arson
35:21 Elite Woad Raider
36:37 Forging
36:27 Scale Mail Armor
36:17 Demolition Ship
37:16 Caravan
37:46 Coinage
37:26 Guilds
38:37 Iron Casting
38:02 Scale Mail Armor
40:46 Fletching
41:59 Blast Furnace
41:14 Chain Mail Armor
41:30 Pikeman
42:44 Halberdier
49:16 Plate Mail Armor
49:34 Conscription
Connection lost

Rejoining the realm…

Still unreachable

The connection could not be restored.

Session expired

The server has moved on; the page needs a fresh start.